wizbiz, neutral female human Wizard ----------- ------ -------- |.........| |..>.| -----######.......| |....<.....#####################+....| #|...|# |......| |.........| ###|....| #|....# |......| |.........| ###### # #|..{.| #|...|# |....f.| |..........######## -.---- ### #|....| #-...| -----@-- -------.--- # |....| # #-.---- ###|...| h# ## ##-.....## ############ #----- # # |#...| # ### ########### ------ ### # ----.----------- # # |............... ## # |..............| --.--# |...............#*###### |....# ---------------- |...|## |..).# ----- wizbiz the Conjurer Experience level: 5 Strength: 9 Dexterity: 13 Constitution: 15 Intelligence: 18 Wisdom: 12 Charisma: 9 Health: 0(40) Energy: 41(42) Def: 2 Gold: 708 Moves: 3172 Dungeon seed: p0lm3X6gxfWibmUy Game ID: wizbiz_1527166712 Your Inventory: Coins $ - 708 gold pieces Amulets H - an uncursed amulet of life saving Weapons a - a blessed +2 quarterstaff (weapon in hands) s - 13 +0 darts u - 2 +0 orcish daggers v - a +0 elven dagger L - 11 cursed +0 arrows M - a cursed -1 dagger Armor e - an uncursed +0 cloak of magic resistance (being worn) y - an uncursed +0 orcish helm (being worn) z - a cursed +0 orcish helm B - an uncursed +0 orcish helm K - an uncursed +0 cornuthaum N - an uncursed +0 orcish helm Comestibles C - an uncursed egg E - an uncursed fortune cookie P - an uncursed food ration Scrolls i - an uncursed scroll of punishment j - an uncursed scroll of teleportation o - 2 uncursed scrolls of identify t - a blessed scroll of magic mapping x - a cursed scroll of destroy armor Spellbooks l - a blessed spellbook of force bolt m - an uncursed spellbook of slow monster w - an uncursed spellbook of invisibility A - an uncursed spellbook of detect food Potions f - an uncursed potion of object detection g - an uncursed potion of water h - an uncursed potion of oil p - a cursed potion of levitation J - an uncursed potion of speed O - an uncursed potion of monster detection Rings c - an uncursed ring of teleportation d - an uncursed ring of slow digestion (on left hand) F - an uncursed ring of protection from shape changers Wands b - a wand of fire (0:4) q - a wand of locking (0:5) I - a wand of teleportation (0:8) Tools n - a magic marker (0:42) Q - a blessed tallow candle (0:200) Gems Y - an uncursed citrine stone Spells and supernatural/magical abilities: Name Level Category Fail Memory a - force bolt 1 attack 0% 85% s - slow monster 2 enchantment 0% 85% E - detect food 2 divination 67% 93% W - pray for help -- divine ? -- Your skills at the end: Fighting Skills Weapon Skills quarterstaff [Basic] Spellcasting Skills attack spells [Basic] enchantment spells [Basic] Final Attributes: You were devoutly aligned. You were magic-protected. You had slower digestion. You are dead. Vanquished creatures: a leprechaun a gnome king a dingo a pony a fog cloud a shrieker 2 gnome lords a little dog a kitten a dwarf 2 homunculi a kobold lord 3 dwarf zombies an iguana 2 acid blobs 2 coyotes a gas spore a hobbit 2 hobgoblins a yellow mold a green mold a red mold 2 garter snakes 4 geckos 2 foxes a kobold 5 goblins 2 sewer rats a grid bug a bat 3 lichens 3 kobold zombies 4 newts 57 creatures vanquished. Voluntary challenges: You followed a strict vegan diet. You were an atheist. You used a wielded weapon 47 times, starting on turn 55. You read items or engraved 5 times, starting on turn 1. You never genocided any monsters. You never polymorphed an object. You never changed form. You used no wishes. You never split a pudding. You never wrote Elbereth's name. You violated your moral code, losing 42 points of alignment, starting on turn 1754. Dungeon overview: The Dungeons of Doom: levels 1 to 6 Level 1 some fountains, a sink a long staircase Level 2 Level 3 Level 4 stairs to The Gnomish Mines Level 5 <- You were here a fountain, a sink Level 6 The Gnomish Mines: Level 5 stairs to The Dungeons of Doom History has recorded: On T:1 you entered the Dungeons of Doom to retrieve the Amulet of Yendor! On T:211 you reached level 2 of The Dungeons of Doom. On T:497 you advanced to experience level 2. On T:524 you reached level 3 of The Dungeons of Doom. On T:855 you advanced to experience level 3. On T:1840 you reached level 4 of The Dungeons of Doom. On T:2015 you advanced to experience level 4. On T:2483 you advanced to experience level 5. On T:2524 you reached level 1 of The Gnomish Mines. On T:2639 you reached level 5 of The Dungeons of Doom. On T:3022 you reached level 6 of The Dungeons of Doom. Score breakdown: Gold: 708 ( 9696 points) Experience: 5 levels (11141 points) Exploration: 6 levels ( 12.77%) ( 9890 points) Discoveries: 1 item ( 0.35%) ( 1767 points) Valuables value: (no points given unless you survive) Artifact value: 0 ( 0 points) Variety of kills: 33 monsters ( 8.66%) ( 8829 points) Turncount: 3172 turns ( -682 points) Survival: died (score multiplied by 80%) Total score: 32512 Latest messages: The dingo bites the kitten. You hit the dingo! The dingo bites! (2x) The spell hits the dingo! You kill the dingo! You stop searching. The kitten picks up a flail. You hear a sceptre pounded in judgment. The kitten drops a flail. It is hit. You stop searching. The kitten picks up a flail. The kitten drops a flail. Someone shouts "Off with her head!" You hear some noises. The kitten drops 3 candles. You have a sad feeling for a moment, then it passes. The kitten picks up 3 candles. It eats a kitten corpse. The kitten picks up a flail. The bugbear swings his curved sword. The bugbear hits! You die... Final status: Goodbye wizbiz the Wizard, killed by a bugbear... You died in The Dungeons of Doom on dungeon level 5 with 32512 points, and 708 pieces of gold, after 3172 moves. You were level 5 with a maximum of 40 hit points when you died.